 Dungeon Crawl Stone Soup version 0.18.1-48-g4cf74bf (webtiles) character file.

14 tyranidshit the Grave Robber (level 2, 0/26 HPs)
             Began as a Deep Dwarf Necromancer on July 22, 2016.
             Slain by a jackal (1 damage)
             ... on level 1 of the Dungeon.
             The game lasted 00:00:57 (204 turns).

tyranidshit the Grave Robber (DDNe)                  Turns: 204, Time: 00:00:58

Health: 0/26       AC:  2    Str: 11    XL:     2   Next: 31%
Magic:  0/4        EV: 12    Int: 15    God:
Gold:   0          SH:  0    Dex: 13    Spells: 1 memorised, 3 levels left

rFire  . . .     SeeInvis .     g - +0 dagger
rCold  . . .     Gourm    .     a - +0 robe
rNeg   . . .     Faith    .     (no shield)
rPois  .         Spirit   .     (no helmet)
rElec  .         Dismiss  .     (no cloak)
rCorr  .         Reflect  .     (no gloves)
SustAt .         Harm     .     (no boots)
MR     .....                    (no amulet)
Stlth  ++........               (no ring)
                                (no ring)

@: non-regenerating, not resistant to hostile enchantments, unstealthy
A: damage resistance, recharge devices, sense surroundings 1, slow regeneration
3
a: Device Recharging


You were on level 1 of the Dungeon.
You were not hungry.

You visited 1 branch of the dungeon, and saw 1 of its levels.

Inventory:

Hand Weapons
 g - a +0 dagger (weapon)
Armour
 a - a +0 robe (worn)
Wands
 c - a wand of heal wounds (5/9)
Scrolls
 e - a scroll of immolation {unknown}
Potions
 f - a potion of resistance {unknown}
Books
 b - a book of Necromancy

   Spells                             Type                      Level
   a - Pain                           Necromancy                   1
   b - Animate Skeleton               Necromancy                   1
   c - Vampiric Draining              Necromancy                   3
   d - Regeneration                   Charms/Necromancy            3
   e - Animate Dead                   Necromancy                   4
   f - Control Undead                 Necromancy                   4
Comestibles
 d - a bread ration


   Skills:
 + Level 1.8 Fighting
 - Level 2.1 Dodging
 - Level 2.4 Stealth
 - Level 1.7 Spellcasting
 - Level 4.3 Necromancy


You had 3 spell levels left.
You knew the following spells:

 Your Spells              Type           Power        Failure   Level  Hunger
a - Pain                  Necr           ##..         4%          1    ##.....


Dungeon Overview and Level Annotations

Branches:
Dungeon (1/15)

Altars:


Innate Abilities, Weirdness & Mutations

You are resistant to damage.
You can recharge devices by infusing magical energy.
You passively map a small area around you.
You do not regenerate naturally.


Message History

The jackal barely misses you. The jackal closely misses you.
The goblin hits you. The jackal closely misses you.
Wield which item (- for none, * to show all)? (? for menu, Esc to quit)
g - a +0 dagger (weapon)
The jackal barely misses you.
You hit the goblin.
The goblin is moderately wounded.
The jackal bites you.
* * * LOW HITPOINT WARNING * * *
The goblin barely misses you. The jackal bites you.
The jackal completely misses you.
You hit the goblin but do no damage.
The goblin is moderately wounded.
The jackal closely misses you. The goblin closely misses you.
The jackal barely misses you. The jackal bites you.
You hit the goblin but do no damage.
The goblin is moderately wounded.
The jackal closely misses you. The goblin barely misses you.
The jackal misses you. The jackal bites you.
You die...

...## *>##.#.# * ...#
###.##.#.# , ..# #..
....# * *#.# #.# * #..#
** ###.###.# #..# ,
#.......# #... ##
#.#.###.# #..#
....######.#.###.#####..#
* #....h@......#........#
*
*#..##hg....#.####.#####
.......h#....#.# #...# ,
.##..####...##.# #...#
#..#####.....# #...#
,....h.......### ###.#**
....###.....# .. *
#.....# * .#* #.....# ,
*.#*


You could see 3 jackals and a goblin.

Vanquished Creatures
  An ooze (D:1)
  2 giant cockroaches (D:1)
  2 goblins (D:1)
  A hobgoblin (D:1)
  A jackal (D:1)
  A bat (D:1)
  A rat (D:1)
9 creatures vanquished.

Notes
Turn   | Place    | Note
--------------------------------------------------------------
     0 | D:1      | tyranidshit the Deep Dwarf Necromancer began the quest for the Orb.
     0 | D:1      | Reached XP level 1. HP: 15/15 MP: 3/3
   123 | D:1      | Reached skill level 1 in Fighting
   123 | D:1      | Reached XP level 2. HP: 21/25 MP: 0/4
   202 | D:1      | HP: 1/26 [jackal (1)]
   204 | D:1      | Slain by a jackal

Skill      XL: |  1 |
---------------+----+-----
Fighting       | 1 |  1.8
Dodging        | |  2.1
Stealth        | |  2.4
Spellcasting   | |  1.7
Necromancy     | |  4.3

Action                   || total
-------------------------++-------
Melee: Unarmed           ||    30
       Dagger            ||     3
 Cast: Pain              ||    13
 Stab: Sleeping          ||     1
Armor: Robe              ||    19
Dodge: Dodged            ||    91
